 Dungeon Crawl Stone Soup version 0.24-a0-497-g5a03d68f59 (webtiles) character file.

Game seed: 3877203893349499679

14 KristoblXynda the Sneak (level 2, 0/13 HPs)
             Began as a Spriggan Enchanter on July 13, 2019.
             Slain by a bat (1 damage)
             ... on level 2 of the Dungeon.
             The game lasted 00:01:39 (1211 turns).

KristoblXynda the Sneak (Spriggan Enchanter)        Turns: 1211, Time: 00:01:40

Health: 0/13       AC:  2    Str:  4    XL:     2   Next: 27%
Magic:  2/7        EV: 18    Int: 16    God:
Gold:   32         SH:  0    Dex: 16    Spells: 4/7 levels left

rFire    . . .     SeeInvis +   a - +1 dagger
rCold    . . .     Gourm    .   (shield restricted)
rNeg     . . .     Faith    .   b - +0 robe
rPois    .         Spirit   .   (helmet restricted)
rElec    .         Reflect  .   (no cloak)
rCorr    .         Harm     .   (gloves unavailable)
MR       .....                  (boots unavailable)
Stlth    +++.......             (no amulet)
HPRegen  0.04/turn              (no ring)
MPRegen  0.10/turn              (no ring)

@: very slightly contaminated, very quick
A: very small, unfitting armour, see invisible, herbivore, speed 3, slow
metabolism 2
a: no special abilities


You were on level 2 of the Dungeon.
You were not hungry.

You visited 1 branch of the dungeon, and saw 2 of its levels.

You collected 32 gold pieces.

Inventory:

Hand Weapons
 a - a +1 dagger (weapon)
Armour
 b - a +0 robe (worn)
Comestibles
 d - a ration


   Skills:
 - Level 1.1 Short Blades
 - Level 3.0 Dodging
 + Level 4.9 Stealth
 + Level 3.1 Spellcasting
 + Level 4.0 Hexes


You had 4 spell levels left.
You knew the following spells:

 Your Spells              Type           Power        Failure   Level  Hunger
a - Corona                Hex            ###....      3%          1    None
b - Ensorcelled Hibernat  Hex/Ice        #.....       12%         2    ##.....

Your spell library contained the following spells:

 Spells                   Type           Power        Failure   Level  Hunger
 Confuse                  Hex            ###.....     11%         3    ###....
 Tukima's Dance           Hex            ###.....     11%         3    ###....
 Dazzling Spray           Conj/Hex       #.....       24%         3    ###....


Dungeon Overview and Level Annotations

Branches:
Dungeon (1/15)

Altars:
Okawaru

Annotations:
D:2 Sigmund


Innate Abilities, Weirdness & Mutations

You are very small and have problems with some larger weapons.
You are too small for most types of armour.
You have supernaturally acute eyesight. (SInv)
You are a herbivore.
You cover ground extremely quickly.
You need to consume almost no food.


Message History

The hobgoblin barely misses you. The goblin closely misses you.
You hit the hobgoblin.
You kill the hobgoblin!
Your Hexes skill increases to level 4!
The bat misses you. The bat misses you.
You see here a hobgoblin corpse.
The bat misses you. The bat hits you but does no damage.
The bat closely misses you. The bat completely misses you. The bat misses you.
The bat hits you.
* * * LOW HITPOINT WARNING * * *
The bat misses you. The bat hits you.
* * * LOW HITPOINT WARNING * * *
The bat barely misses you. The bat hits you.
You die...

....# #.........#
....# #.........#
....# #.........#
....# #.........#
.?..####.........#
....g.$......# #.#
##...........###.#
............##.#
..........#.##@#
..........#..#b#
..........##.#.#
....[.....##...#
#############..#
#...# #.g.# #.#>#
####K####


You could see a goblin and a bat.

Vanquished Creatures
  A leopard gecko (D:1)
  A goblin (D:1)
  2 hobgoblins
  3 jackals (D:1)
  A kobold (D:1)
  2 bats (D:1)
10 creatures vanquished.

Notes
Turn   | Place    | Note
-------+----------+-------------------------------------------
     0 | D:1      | KristoblXynda the Spriggan Enchanter began the quest for
                  | the Orb.
     0 | D:1      | Reached XP level 1. HP: 9/9 MP: 5/5
   923 | D:1      | Found an iron altar of Okawaru.
  1008 | D:1      | Reached XP level 2. HP: 12/13 MP: 5/7
  1117 | D:1      | Learned a level 2 spell: Ensorcelled Hibernation
  1140 | D:1      | You fall into a shaft and drop 1 floor!
  1140 | D:2      | Noticed Sigmund
  1211 | D:2      | Slain by a bat

Levels and vault maps discovered:
D:1:      dpeg_cavernosity, layout_loops_ring, okawaru_ov_weapons_minmay
D:2:      layout_basic, kennysheep_generic_room_8, uniq_robin, uniq_sigmund

Skill      XL: |  1  2 |
---------------+-------+-----
Spellcasting   | 3 |  3.1
Hexes          | 4 |  4.0
Short Blades   | |  1.1
Dodging        | |  3.0
Stealth        | |  4.9

Action                   || total
-------------------------++-------
Melee: Dagger            ||    69
 Cast: Corona            ||     9
       Ensorcelled Hiber ||     2
  Use: Scroll            ||     2
Armor: Robe              ||    13
Dodge: Dodged            ||    96

Table legend:
 A = Non-vault XP
 B = Vault XP
 C = Vault XP percentage of total XP
 D = Non-vault monster count
 E = Vault monster count
 F = Vault count percentage of total count
                 A         B        C        D         E       F
            +---------+---------+-------+---------+---------+-------
      Total |      14 |       6 |  30.0 |       7 |       3 |  30.0
            +---------+---------+-------+---------+---------+-------
        D:1 |      12 |       6 |  33.3 |       6 |       3 |  33.3
        D:2 |       2 |       0 |   0.0 |       1 |       0 |   0.0
            +---------+---------+-------+---------+---------+-------
